NYP
LOS ANGELES (NYP) ANGELS @ LOWELL SPINNERS
04/25/2044
 
TOP OF THE 1ST
Los Angeles (NYP) Angels batting - Pitching for Lowell Spinners : RHP Efrain Nunez
Pitching: RHP Efrain Nunez
Batting: RHB Steve Hasson 0-0: SINGLE (Line Drive, 89M, EV 106.3 MPH)
Batting: RHB Greg Burdine 0-0: Called Strike
Steve Hasson steals 2nd base
0-1: Ball
1-1: Foul Ball, location: 2F
1-2: Ball
2-2: Ball
3-2: DOUBLE (Flyball, 78XD, EV 92.5 MPH)
Steve Hasson scores
Batting: RHB Randy Grewe 0-0: SINGLE (Groundball, 4MD, EV 97.5 MPH)
Greg Burdine to third
Batting: SHB Roger Payne 0-0: Ball
1-0: Fly out, F2 (Popup, 15S, EV 78.1 MPH)
Batting: RHB Pat Crawley 0-0: Called Strike
0-1: Ball
Randy Grewe steals 2nd base
1-1: Swinging Strike
1-2: Ball
2-2: Ball
3-2: SINGLE (Groundball, 34D, EV 100.0 MPH)
Greg Burdine scores
Randy Grewe to third
Runner from 3rd tries for Home, SAFE, throw by RF to home
Batting: RHB Tristan Lewis 0-0: Ball
1-0: Called Strike
1-1: Fly out, F4 (Popup, 4, EV 73.8 MPH)
Batting: RHB Luis Garcia 0-0: Ball
1-0: Swinging Strike
1-1: SINGLE (Groundball, 6D, EV 101.9 MPH)
Pat Crawley to second
Batting: RHB David Kunze 0-0: Called Strike
0-1: Ball
1-1: Ball
2-1: Ball
3-1: Ground out 5-3 (Groundball, 15, EV 78.1 MPH)
Top of the 1st over - 3 runs, 5 hits, 0 errors, 2 left on base; Los Angeles (NYP) 3 - Lowell 0
BOTTOM OF THE 1ST
Lowell Spinners batting - Pitching for Los Angeles (NYP) Angels : RHP Bartholomeu Voivodic
Pitching: RHP Bartholomeu Voivodic
Batting: LHB Miguel Maymi 0-0: Ground out 5-3 (Groundball, 5, EV 85.6 MPH)
Batting: LHB Nelis Geurts 0-0: Called Strike
0-1: Foul Ball, location: 2F
0-2: Foul Ball, location: 2F
0-2: Ball
1-2: Foul Ball, location: 2F
1-2: Strikes out swinging, 2-3 out at first.
Batting: RHB Guillermo Quintero 0-0: Swinging Strike
0-1: Ball
1-1: SINGLE (Line Drive, 89S, EV 106.9 MPH)
Batting: RHB Tommy Boudreaux 0-0: Ball
Guillermo Quintero steals 2nd base
1-0: Fly out, F7 (Flyball, 7, EV 88.1 MPH)
Bottom of the 1st over - 0 runs, 1 hit, 0 errors, 1 left on base; Los Angeles (NYP) 3 - Lowell 0
TOP OF THE 2ND
Los Angeles (NYP) Angels batting - Pitching for Lowell Spinners : RHP Efrain Nunez
Batting: RHB Zach Robbins 0-0: Ball
1-0: Ground out 6-3 (Groundball, 56, EV 91.3 MPH)
Batting: RHB Steve Hasson 0-0: Called Strike
0-1: Bunted foul
0-2: Ball
1-2: Ball
2-2: Foul Ball, location: 2F
2-2: Fly out, F8 (Flyball, 8RD, EV 99.4 MPH)
Batting: RHB Greg Burdine 0-0: Ball
1-0: Swinging Strike
1-1: SINGLE (Groundball, 34D, EV 95.6 MPH)
Batting: RHB Randy Grewe 0-0: Ball
Greg Burdine steals 2nd base
1-0: Foul Ball, location: 2F
1-1: Hit by Pitch
Batting: SHB Roger Payne 0-0: Called Strike
0-1: SINGLE (Groundball, 4MD, EV 98.1 MPH)
Greg Burdine to third
Randy Grewe to second
Runner from 3rd tries for Home, SAFE, throw by CF to home
Batting: RHB Pat Crawley 0-0: Ball
1-0: Ball
2-0: Ball
3-0: Called Strike
3-1: SINGLE (Groundball, 4MD, EV 98.1 MPH)
Randy Grewe to third
Roger Payne to second
Runner from 3rd tries for Home, throw by CF and OUT! 8-2
Top of the 2nd over - 1 run, 3 hits, 0 errors, 2 left on base; Los Angeles (NYP) 4 - Lowell 0
BOTTOM OF THE 2ND
Lowell Spinners batting - Pitching for Los Angeles (NYP) Angels : RHP Bartholomeu Voivodic
Batting: LHB Danny Montoya 0-0: Ground out 4-3 (Groundball, 4D, EV 96.3 MPH)
Batting: RHB Jose Diaz 0-0: Called Strike
0-1: Swinging Strike
0-2: Ground out 6-3 (Groundball, 6, EV 80.6 MPH)
Batting: LHB Masumi Abe 0-0: Ball
1-0: Ball
2-0: Ground out 1-3 (Groundball, 13S, EV 66.3 MPH)
Bottom of the 2nd over - 0 runs, 0 hits, 0 errors, 0 left on base; Los Angeles (NYP) 4 - Lowell 0
TOP OF THE 3RD
Los Angeles (NYP) Angels batting - Pitching for Lowell Spinners : RHP Efrain Nunez
Batting: RHB Tristan Lewis 0-0: Called Strike
0-1: Ball
1-1: Foul Ball, location: 2F
1-2: Foul Ball, location: 2F
1-2: Ball
2-2: Fly out, F9 (Flyball, 9S, EV 80.0 MPH)
Batting: RHB Luis Garcia 0-0: Ball
1-0: Swinging Strike
1-1: Ground out 5-3 (Groundball, 5L, EV 105.0 MPH)
Batting: RHB David Kunze 0-0: Ball
1-0: Ball
2-0: Ball
3-0: Called Strike
3-1: Called Strike
3-2: SOLO HOME RUN (Flyball, 7D, EV 94.4 MPH), Distance : 378 ft
Pitching: RHP Bryan Paiva
Batting: RHB Zach Robbins 0-0: Ball
1-0: Called Strike
1-1: Ground out 6-3 (Groundball, 6, EV 88.1 MPH)
Top of the 3rd over - 1 run, 1 hit, 0 errors, 0 left on base; Los Angeles (NYP) 5 - Lowell 0
BOTTOM OF THE 3RD
Lowell Spinners batting - Pitching for Los Angeles (NYP) Angels : RHP Bartholomeu Voivodic
Batting: RHB Joel Vazquez 0-0: Called Strike
0-1: Ball
1-1: Ball
2-1: Foul Ball, location: 2F
2-2: Fly out, F3 (Popup, 3F, EV 53.8 MPH)
Batting: RHB Jose Conde 0-0: Foul Ball, location: 2F
0-1: Swinging Strike
0-2: Ball
1-2: Ball
2-2: Strikes out swinging
Batting: LHB Miguel Maymi 0-0: SINGLE (Groundball, 6MS, EV 68.8 MPH) (infield hit)
Batting: LHB Nelis Geurts 0-0: Ball
Miguel Maymi steals 2nd, throwing error, E2
Miguel Maymi to third
1-0: Ball
2-0: Called Strike
2-1: Ball
3-1: Ground out U3 (Groundball, 34, EV 82.5 MPH)
Bottom of the 3rd over - 0 runs, 1 hit, 1 error, 1 left on base; Los Angeles (NYP) 5 - Lowell 0
TOP OF THE 4TH
Los Angeles (NYP) Angels batting - Pitching for Lowell Spinners : RHP Bryan Paiva
Batting: RHB Steve Hasson 0-0: Ground out 4-3 (Groundball, 4, EV 79.4 MPH)
Batting: RHB Greg Burdine 0-0: Ball
1-0: Ball
2-0: Ball
3-0: Base on Balls
Batting: RHB Randy Grewe 0-0: Called Strike
Greg Burdine steals 2nd base
0-1: Ball
1-1: Ball
2-1: Ground out 4-3 (Groundball, 4, EV 97.5 MPH)
Greg Burdine to third
Batting: SHB Roger Payne 0-0: Ball
1-0: Called Strike
1-1: Foul Ball, location: 2F
1-2: Strikes out swinging
Top of the 4th over - 0 runs, 0 hits, 0 errors, 1 left on base; Los Angeles (NYP) 5 - Lowell 0
BOTTOM OF THE 4TH
Lowell Spinners batting - Pitching for Los Angeles (NYP) Angels : RHP Bartholomeu Voivodic
Batting: RHB Guillermo Quintero 0-0: Ball
1-0: Fly out, F8 (Flyball, 78M, EV 74.4 MPH)
Batting: RHB Tommy Boudreaux 0-0: Ball
1-0: Called Strike
1-1: Ball
2-1: Fly out, F4 (Line Drive, 4, EV 69.4 MPH)
Batting: LHB Danny Montoya 0-0: Ball
1-0: Swinging Strike
1-1: Foul Ball, location: 2F
1-2: Strikes out swinging
Bottom of the 4th over - 0 runs, 0 hits, 0 errors, 0 left on base; Los Angeles (NYP) 5 - Lowell 0
TOP OF THE 5TH
Los Angeles (NYP) Angels batting - Pitching for Lowell Spinners : RHP Bryan Paiva
Batting: RHB Pat Crawley 0-0: Ball
1-0: Swinging Strike
1-1: Ball
2-1: Foul Ball, location: 2F
2-2: Strikes out looking
Batting: RHB Tristan Lewis 0-0: Called Strike
0-1: Ball
1-1: Fly out, F8 (Flyball, 8LD, EV 87.5 MPH)
Batting: RHB Luis Garcia 0-0: Ball
1-0: Foul Ball, location: 2F
1-1: Ball
2-1: Ball
3-1: SINGLE (Groundball, 4MD, EV 102.5 MPH)
Batting: RHB David Kunze 0-0: Ball
1-0: Fly out, F8 (Flyball, 89D, EV 91.3 MPH)
Top of the 5th over - 0 runs, 1 hit, 0 errors, 1 left on base; Los Angeles (NYP) 5 - Lowell 0
BOTTOM OF THE 5TH
Lowell Spinners batting - Pitching for Los Angeles (NYP) Angels : RHP Bartholomeu Voivodic
Batting: RHB Jose Diaz 0-0: Called Strike
0-1: Ball
1-1: Ball
2-1: Called Strike
2-2: Foul Ball, location: 2F
2-2: Fly out, F9 (Flyball, 89D, EV 103.1 MPH)
Batting: LHB Masumi Abe 0-0: Called Strike
0-1: Ball
1-1: Fly out, F8 (Flyball, 8LD, EV 96.9 MPH)
Batting: RHB Joel Vazquez 0-0: Ball
1-0: Called Strike
1-1: Fly out, F9 (Flyball, 9, EV 93.1 MPH)
Bottom of the 5th over - 0 runs, 0 hits, 0 errors, 0 left on base; Los Angeles (NYP) 5 - Lowell 0
TOP OF THE 6TH
Los Angeles (NYP) Angels batting - Pitching for Lowell Spinners : RHP Bryan Paiva
Batting: RHB Zach Robbins 0-0: SINGLE (Groundball, 34D, EV 109.4 MPH)
Batting: RHB Steve Hasson 0-0: Foul Ball, location: 2F
0-1: Ball
1-1: Ball
2-1: Ball
3-1: Called Strike
3-2: DOUBLE (Flyball, 78D, EV 94.4 MPH)
Zach Robbins to third
Batting: RHB Greg Burdine 0-0: Foul Ball, location: 2F
0-1: Ground out 5-3 (Groundball, 56, EV 83.8 MPH)
Zach Robbins scores
Batting: RHB Randy Grewe 0-0: Ball
1-0: Ball
2-0: Ball
3-0: Called Strike
3-1: Base on Balls
Batting: SHB Roger Payne 0-0: Ball
1-0: Ball
2-0: Foul Ball, location: 2F
2-1: SINGLE (Groundball, 3D, EV 94.4 MPH)
Steve Hasson to third
Randy Grewe to second
Runner from 3rd tries for Home, SAFE, throw by RF to home
Batting: RHB Pat Crawley 0-0: Ball
1-0: Called Strike
1-1: Called Strike
1-2: Ball
2-2: Foul Ball, location: 2F
2-2: Strikes out looking
Batting: RHB Tristan Lewis 0-0: SINGLE (Line Drive, 8LM, EV 90.6 MPH)
Randy Grewe to third
Roger Payne to second
Runner from 3rd tries for Home, SAFE, throw by CF to home
Batting: RHB Luis Garcia 0-0: Foul Ball, location: 2F
0-1: Foul Ball, location: 2F
0-2: Ball
1-2: Fly out, F8 (Line Drive, 8LD, EV 93.8 MPH)
Top of the 6th over - 3 runs, 4 hits, 0 errors, 2 left on base; Los Angeles (NYP) 8 - Lowell 0
BOTTOM OF THE 6TH
Lowell Spinners batting - Pitching for Los Angeles (NYP) Angels : RHP Bartholomeu Voivodic
Batting: RHB Jose Conde 0-0: Swinging Strike
0-1: Ball
1-1: Ground out 1-3 (Groundball, 13S, EV 64.4 MPH)
Batting: LHB Miguel Maymi 0-0: Ball
1-0: Ball
2-0: Called Strike
2-1: Ball
3-1: Base on Balls
Batting: LHB Nelis Geurts 0-0: Called Strike
0-1: Ball
Miguel Maymi steals 2nd base
1-1: Called Strike
1-2: Strikes out looking
Batting: RHB Guillermo Quintero 0-0: Swinging Strike
0-1: Ground out 3-1 (Groundball, 34, EV 105.0 MPH)
Bottom of the 6th over - 0 runs, 0 hits, 0 errors, 1 left on base; Los Angeles (NYP) 8 - Lowell 0
TOP OF THE 7TH
Los Angeles (NYP) Angels batting - Pitching for Lowell Spinners : RHP Bryan Paiva
Batting: RHB David Kunze 0-0: Ball
1-0: Ball
2-0: Called Strike
2-1: Ball
3-1: Called Strike
3-2: Strikes out swinging
Batting: RHB Zach Robbins 0-0: SINGLE (Groundball, 34D, EV 95.6 MPH)
Batting: RHB Steve Hasson 0-0: Ball
1-0: TRIPLE (Flyball, 9LD, EV 101.9 MPH)
Zach Robbins scores
Batting: RHB Greg Burdine 0-0: Called Strike
0-1: Ball
1-1: Foul Ball, location: 2F
1-2: Ball
2-2: Ground out 4-3 (Groundball, 4, EV 80.6 MPH)
Steve Hasson scores
Batting: RHB Randy Grewe 0-0: Ball
1-0: Reached on error, E6 (Groundball, 6S, EV 85.0 MPH)
Batting: SHB Roger Payne 0-0: Fielders Choice at 2nd, U4 (Groundball, 4M, EV 99.4 MPH)
Top of the 7th over - 2 runs, 2 hits, 1 error, 1 left on base; Los Angeles (NYP) 10 - Lowell 0
BOTTOM OF THE 7TH
Lowell Spinners batting - Pitching for Los Angeles (NYP) Angels : RHP Bartholomeu Voivodic
Batting: RHB Tommy Boudreaux 0-0: Ball
1-0: Foul Ball, location: 2F
1-1: Ball
2-1: Foul Ball, location: 2F
2-2: SINGLE (Line Drive, 56D, EV 96.3 MPH)
Pitching: RHP Pete Warren
Batting: LHB Danny Montoya 0-0: Foul Ball, location: 2F
0-1: Swinging Strike
0-2: Ball
1-2: Strikes out swinging
Batting: RHB Jose Diaz 0-0: Ball
1-0: Fly out, F3 (Popup, 3F, EV 63.1 MPH)
Batting: LHB Masumi Abe 0-0: Ball
1-0: Ground out U3 (Groundball, 3L, EV 108.8 MPH)
Bottom of the 7th over - 0 runs, 1 hit, 0 errors, 1 left on base; Los Angeles (NYP) 10 - Lowell 0
TOP OF THE 8TH
Los Angeles (NYP) Angels batting - Pitching for Lowell Spinners : RHP Bryan Paiva
Batting: RHB Pat Crawley 0-0: Ball
1-0: Ball
2-0: Foul Ball, location: 2F
2-1: Foul Ball, location: 2F
2-2: Ball
3-2: Ground out 6-3 (Groundball, 6M, EV 86.3 MPH)
Batting: RHB Tristan Lewis 0-0: Ball
1-0: Ball
2-0: Called Strike
2-1: Fly out, F8 (Flyball, 78M, EV 95.6 MPH)
Batting: RHB Luis Garcia 0-0: Ball
1-0: Ball
2-0: Ball
3-0: Base on Balls
Pitching: RHP Jeremy Seitz
Batting: RHB David Kunze 0-0: Ball
1-0: Called Strike
1-1: Called Strike
1-2: Ground out U3 (Groundball, 34, EV 97.5 MPH)
Top of the 8th over - 0 runs, 0 hits, 0 errors, 1 left on base; Los Angeles (NYP) 10 - Lowell 0
BOTTOM OF THE 8TH
Lowell Spinners batting - Pitching for Los Angeles (NYP) Angels : RHP Pete Warren
Batting: RHB Joel Vazquez 0-0: Called Strike
0-1: Foul Ball, location: 2F
0-2: Ball
1-2: Ball
2-2: Hit by Pitch
Pinch Hitting: LHB Noel Young 0-0: Called Strike
0-1: Ball
1-1: Ball
2-1: Ball
3-1: Base on Balls
Joel Vazquez to second
Batting: LHB Miguel Maymi 0-0: Called Strike
0-1: Ball
1-1: Ball
2-1: Foul Ball, location: 2F
2-2: Foul Ball, location: 2F
2-2: Ball
3-2: SINGLE (Groundball, 4MD, EV 94.4 MPH)
Joel Vazquez to third
Noel Young to second
Runner from 3rd tries for Home, SAFE, throw by CF to home
Batting: LHB Nelis Geurts 0-0: Called Strike
0-1: Called Strike
0-2: Fly out, F7 (Flyball, 7D, EV 93.8 MPH)
Runner from 2nd tags up, SAFE at 3rd, no throw by LF
Pitching: RHP Joe Schuler
Batting: RHB Guillermo Quintero 0-0: Called Strike
0-1: Called Strike
0-2: Ball
1-2: Foul Ball, location: 2F
1-2: Ball
2-2: Foul Ball, location: 2F
2-2: Strikes out looking
Batting: RHB Tommy Boudreaux 0-0: SINGLE (Groundball, 56D, EV 101.3 MPH)
Noel Young scores
Miguel Maymi to second
Batting: LHB Danny Montoya 0-0: Ball
1-0: Foul Ball, location: 2F
1-1: Ball
2-1: Foul Ball, location: 2F
2-2: Ball
3-2: Strikes out swinging
Bottom of the 8th over - 2 runs, 2 hits, 0 errors, 2 left on base; Los Angeles (NYP) 10 - Lowell 2
TOP OF THE 9TH
Los Angeles (NYP) Angels batting - Pitching for Lowell Spinners : RHP Jeremy Seitz
Now in CF: John Chiesa
Batting: RHB Zach Robbins 0-0: DOUBLE (Line Drive, 9LM, EV 105.6 MPH)
Batting: RHB Steve Hasson 0-0: Foul Ball, location: 2F
0-1: Called Strike
0-2: Ball
1-2: Ball
2-2: Strikes out looking
Batting: RHB Greg Burdine 0-0: Called Strike
0-1: Called Strike
0-2: SINGLE (Groundball, 6MD, EV 94.4 MPH)
Zach Robbins to third
Batting: RHB Randy Grewe 0-0: Ball
1-0: Ball
2-0: Ball
3-0: Base on Balls
Greg Burdine to second
Batting: SHB Roger Payne 0-0: Ball
1-0: Swinging Strike
1-1: Foul Ball, location: 2F
1-2: Strikes out swinging
Batting: RHB Pat Crawley 0-0: Hit by Pitch
Zach Robbins scores
Greg Burdine to third
Randy Grewe to second
Batting: RHB Tristan Lewis 0-0: Foul Ball, location: 2F
0-1: Swinging Strike
0-2: Strikes out swinging
Top of the 9th over - 1 run, 2 hits, 0 errors, 3 left on base; Los Angeles (NYP) 11 - Lowell 2
BOTTOM OF THE 9TH
Lowell Spinners batting - Pitching for Los Angeles (NYP) Angels : RHP Joe Schuler
Batting: RHB Jose Diaz 0-0: SOLO HOME RUN (Flyball, 7LD, EV 96.3 MPH), Distance : 352 ft
Batting: LHB Masumi Abe 0-0: Called Strike
0-1: Called Strike
0-2: Ball
1-2: Strikes out swinging
Batting: RHB Joel Vazquez 0-0: Ball
1-0: Hit by Pitch
Batting: RHB John Chiesa 0-0: Called Strike
0-1: Ball
1-1: Ball
2-1: Ball
3-1: Swinging Strike
3-2: SINGLE (Groundball, 4MS, EV 68.1 MPH) (infield hit)
Joel Vazquez to second
Batting: LHB Miguel Maymi 0-0: Ball
1-0: Ball
2-0: Ball
3-0: Called Strike
3-1: Called Strike
3-2: Base on Balls
Joel Vazquez to third
John Chiesa to second
Pitching: LHP Jose Rivera
Pinch Hitting: RHB Jesus Montoya 0-0: Ball
1-0: Foul Ball, location: 2F
1-1: Ball
2-1: Ground out 4-3 (Groundball, 4S, EV 70.0 MPH)
Joel Vazquez scores
John Chiesa to third
Miguel Maymi to second
Batting: RHB Guillermo Quintero 0-0: Ground out U3 (Groundball, 34S, EV 72.5 MPH)
Bottom of the 9th over - 2 runs, 2 hits, 0 errors, 2 left on base; Los Angeles (NYP) 11 - Lowell 4
Thursday, March 31st , 2022 - OOTP Baseball 22.12 Build 89